 Dungeon Crawl Stone Soup version 0.31.0-11-ge490571c62 (webtiles) character file.

Game seed: 8316043371265668164

1 Daunt the Sneak (level 1, -3/18 HPs)
             Began as a Human Delver on Jan 28, 2024.
             Killed from afar by Ijyb (10 damage)
             ... with a puff of flame
             ... on level 4 of the Dungeon.
             The game lasted 00:01:51 (108 turns).

Daunt the Sneak (Human Delver)                       Turns: 108, Time: 00:01:52

Health: -3/18      AC:  3    Str: 12      XL:     1   Next: 20%
Magic:  1/1        EV: 11    Int: 10      God:
Gold:   0          SH:  0    Dex: 13 (14) Spells: 0/0 levels left

rFire   . . .        a - +0 falchion
rCold   . . .        (no shield)
rNeg    . . .        b - +0 leather armour
rPois   .            (no helmet)
rElec   .            (no cloak)
rCorr   .            (no gloves)
SInv    .            (no boots)
Will    .....        (no amulet)
Stlth   +++          (no ring)
HPRegen 0.23/turn    (no ring)
MPRegen 0.07/turn

%: no passive effects
@: no status effects
A: explore regen
a: no special abilities


You were on level 4 of the Dungeon.
You visited 1 branch of the dungeon, and saw 2 of its levels.

Inventory:

Hand Weapons
 a - a +0 falchion (weapon)
Armour
 b - a +0 leather armour (worn)
Wands
 g - a wand of digging (3)
Scrolls
 c - a scroll of fog
 d - a scroll of identify {unknown}
Potions
 f - a potion of haste


   Skills:
 - Level 3.0 Fighting
 + Level 2.1 Long Blades
 - Level 2.0 Dodging
 - Level 5.0 Stealth


You couldn't memorise any spells.
You didn't know any spells.
Your spell library was empty.

Dungeon Overview and Level Annotations

Branches:
Dungeon (5/15)
 Temple: D:4-7

Altars:

Annotations:
D:4 Ijyb


Innate Abilities, Weirdness & Mutations

You regain HP and MP as you explore.


Message History

The giant cockroach bites you but does no damage.
You closely miss the giant cockroach. The giant cockroach bites you.
The giant cockroach barely misses you.
You hit the giant cockroach but do no damage.
The giant cockroach bites you.
You barely miss the giant cockroach. Your punch misses the giant cockroach.
The giant cockroach closely misses you. x2
You hit the giant cockroach.
The giant cockroach is moderately wounded.
The giant cockroach closely misses you.
You closely miss the giant cockroach.
The giant cockroach is moderately wounded.
The giant cockroach closely misses you.
You closely miss the giant cockroach.
The giant cockroach is moderately wounded.
The giant cockroach bites you. The giant cockroach misses you.
You hit the giant cockroach.
You kill the giant cockroach!
No target in view!
A ball python comes into view.
A ball python is nearby!
A ball python is nearby!
A ball python is nearby!
Found a dagger.
A kobold comes into view. It is wielding a +0 dagger.
A kobold is nearby!
A kobold comes into view. It is wielding a +0 dagger.
A white imp comes into view.
Unknown command.
Unknown command.
Ijyb the Twisted Goblin comes into view.
She is wielding a +0 dagger and carrying a wand of flame.
Unknown command.
Unknown command.
Unknown command.
Ijyb shouts!
Ijyb zaps a wand.
The puff of flame hits you!
Ouch! That really hurt!
Ijyb zaps a wand.
The puff of flame hits you!
Ouch! That really hurt!
You die...

....#...$......#....P
..#.g#†.........#..
#..#.............
#...........#..
#.##.>#####.##. #
##.### .# ......
#...# .# ..... .
###.###.# K... ..
#.@...##..... ...
###....5.S..#..5.
#..#####........
#.#######.......
#...............
#########...)...
....... .......
..#####


You could see Ijyb, a shadow imp and a ball python (asleep).

Vanquished Creatures
  A giant cockroach (D:4)
1 creature vanquished.

Notes
Turn   | Place    | Note
-------+----------+-------------------------------------------
     0 | D:5      | Daunt the Human Delver began the quest for the Orb.
     0 | D:5      | Reached XP level 1. HP: 18/18 MP: 1/1
    14 | D:5      | Noticed a howler monkey
    28 | D:5      | Noticed a shadow
    29 | D:5      | Noticed an orc wizard
    30 | D:5      | Noticed an orc warrior
    35 | D:4      | Noticed a quasit
   106 | D:4      | Noticed Ijyb
   108 | D:4      | Killed from afar by Ijyb

Illustrated notes

Levels and vault maps discovered:
D:4:      layout_rooms, serial_demonic, serial_demonic_a, serial_demonic_e,
          serial_demonic_b, serial_demonic_b, serial_demonic_g,
          serial_demonic_b, minmay_mini_ossuary, uniq_menkaure, uniq_ijyb
D:5:      layout_cave_pools, minmay_between

Action                     || total
---------------------------++-------
  Melee: Falchion          ||     8
    Use: Scroll            ||     2
 Armour: Leather armour    ||    11
  Dodge: Dodged            ||    15
